 Dungeon Crawl Stone Soup version 0.29.1-1-gd02db6906a (webtiles) character file.

Game seed: 4114142205693882827

483 experimilk the Chopper (level 6, -14/75 HPs)
             Began as a Palentonga Fighter on Oct 7, 2022.
             Demolished by Prince Ribbit (17 damage)
             ... on level 4 of the Dungeon.
             The game lasted 00:06:23 (5352 turns).

experimilk the Chopper (Palentonga Fighter)         Turns: 5352, Time: 00:06:24

Health: -14/75     AC:  6    Str: 23    XL:     6   Next: 88%
Magic:  6/6        EV:  8    Int: 14    God:
Gold:   191        SH:  4    Dex: 10    Spells: 5/5 levels left

rFire   . . .      SeeInvis +   a - +0 war axe
rCold   . . .      Faith    .   c - +0 buckler
rNeg    . . .      Spirit   .   l - +0 ring mail
rPois   .          Reflect  .   (no helmet)
rElec   .          Harm     .   (no cloak)
rCorr   .          Rampage  .   (no gloves)
Will    .....                   (no barding)
Stlth   ..........              (no amulet)
HPRegen 0.22/turn               m - +6 ring of intelligence
MPRegen 0.10/turn               (no ring)

@: berserking, very quick
A: large, rugged brown scales 3, see invisible, deformed body, roll 1, armoured
tail
a: Rolling Charge


You were on level 4 of the Dungeon.
You visited 1 branch of the dungeon, and saw 5 of its levels.
You also visited: Sewer.

You collected 191 gold pieces.

Inventory:

Hand Weapons
 a - a +0 war axe (weapon)
Armour
 c - a +0 buckler (worn)
 l - a +0 ring mail (worn)
 n - a +0 plate armour
Jewellery
 e - an amulet of faith
 i - a ring of ice
 m - a +6 ring of intelligence (left hand)
Wands
 h - a wand of polymorph (6)
 o - a wand of digging (4)
 q - a wand of roots (3)
Scrolls
 f - 3 scrolls of immolation
 s - 2 scrolls of teleportation
 t - a scroll of magic mapping
 u - a scroll of identify
Potions
 b - 2 potions of cancellation
 d - a potion of might
 g - 5 potions of curing
 k - a potion of invisibility {unknown}
 p - a potion of haste {unknown}
 r - a potion of brilliance {unknown}


   Skills:
 - Level 3.0 Fighting
 * Level 7.5 Axes
 - Level 2.4 Armour
 - Level 2.7 Shields


You had 5 spell levels left.
You didn't know any spells.
Your spell library contained the following spells:

 Spells                   Type           Power      Damage    Failure   Level
 Magic Dart               Conj           0%         1d3       50%         1
 Ensorcelled Hibernation  Hex/Ice        0%         N/A       63%         2
 Searing Ray              Conj           0%         2d4       63%         2
 Spider Form              Tmut/Pois      0%         N/A       86%         3
 Anguish                  Hex/Necr       0%         N/A       99%         4
 Fulminant Prism          Conj/Hex       0%         3d6       99%         4


Dungeon Overview and Level Annotations

Branches:
Dungeon (5/15)              Sewer (visited)
 Temple: D:4-7

Altars:

Annotations:
D:4 Prince Ribbit
D:5 Edmund


Innate Abilities, Weirdness & Mutations

You are completely covered in rugged brown scales. (AC +3, +7% HP)
You have supernaturally acute eyesight. (SInv)
Armour fits poorly on your strangely shaped body.
You can roll at nearby foes to attack.
You have a long armoured tail.


Message History

Found a potion of curing.
Found a stone staircase leading up.
g - 5 potions of curing (gained 1)
u - a scroll of identify An ogre comes into view.
It is wielding a +0 giant spiked club.
Found 4 javelins.
The ogre shouts!
The ogre moves out of view.
Edmund the Younger comes into view.
He is wielding a +2 flail of protection.
Edmund shouts!
An adder comes into view.
You see here a scroll of teleportation.
s - 2 scrolls of teleportation (gained 1)
The adder hisses angrily.
Edmund says, "I might not be good at magic, but I can still kill you!"
Edmund says, "Everyone always remembers my brother. 'Who's Edmund?' they ask!"
Found a stone staircase leading up.
Prince Ribbit comes into view.
Prince Ribbit croaks.
Prince Ribbit hits you. Prince Ribbit hits you! x2
The ogre attacks as you move away! You block the ogre's attack.
The ogre attacks as you move away! You block the ogre's attack.
Prince Ribbit attacks as you move away! Prince Ribbit hits you!
Prince Ribbit attacks as you move away! Prince Ribbit hits you!
* * * LOW HITPOINT WARNING * * *
Prince Ribbit hits you.
* * * LOW HITPOINT WARNING * * *
There is a stone staircase leading up here.
Prince Ribbit barely misses you.
You climb upwards.
There is a stone staircase leading down here.
A red film seems to cover your vision as you go berserk!
You feel yourself moving faster!
You feel mighty! You block Prince Ribbit's attack. Prince Ribbit hits you.
* * * LOW HITPOINT WARNING * * *
You slash Prince Ribbit!
Your tail-slap misses Prince Ribbit.
Prince Ribbit is heavily wounded.
Prince Ribbit hits you!
You die...

###.............#.......
#...............########
######.#.........<...#
#.........#...##.....########
#.####.####...##.............
#.# #.# ##.#####.#########.
#.# #.# #.#####.# #. #.# #.#
#.......# #. #.# #.#
#@#####.# #. #.# #.# #F# #.#
#. #.# #.# #.# #.# #. #.# #.#
##.## #.# ##. #.#
#.####...####.# ##.. #.#
#.............#######...
###.#
####.......##.).........
#...# #.........##.######>...
#...#####.#.......##.# #.#..


You could see Prince Ribbit.

Vanquished Creatures
  An ogre (D:4)
  A phantom (D:4)
  A necrophage (D:4)
  A hound (D:4)
  An iguana (D:5)
  Ijyb (D:4)
  A hell rat (Sewer)
  4 adders
  A river rat (Sewer)
  3 worms
  4 dart slugs
  7 orcs
  5 ball pythons
  13 endoplasms
  7 giant cockroaches
  2 goblins
  5 hobgoblins
  14 jackals
  3 kobolds
  4 quokkas
  A bat (D:1)
  5 frilled lizards
  15 rats
100 creatures vanquished.

Vanquished Creatures (others)
  2 fungi (D:2)
2 creatures vanquished.

Grand Total: 102 creatures vanquished

Notes
Turn   | Place    | Note
-------+----------+-------------------------------------------
     0 | D:1      | experimilk the Palentonga Fighter began the quest for the
                  | Orb.
     0 | D:1      | Reached XP level 1. HP: 19/19 MP: 1/1
     1 | D:1      | Found a runed translucent door.
   234 | D:1      | Reached XP level 2. HP: 17/25 MP: 2/2
   671 | D:1      | Reached skill level 3 in Axes
  1331 | D:1      | Reached XP level 3. HP: 30/31 MP: 3/3
  1887 | D:2      | Reached skill level 4 in Axes
  2417 | D:2      | Reached XP level 4. HP: 37/37 MP: 4/4
  2689 | D:2      | Found a faded altar of an unknown god.
  3336 | D:3      | Reached skill level 5 in Axes
  3982 | D:4      | Noticed a phantom
  4000 | D:4      | Killed a phantom
  4001 | D:4      | Reached XP level 5. HP: 33/43 MP: 5/5
  4039 | D:4      | Found a glowing drain.
  4088 | Sewer    | Entered a sewer
  4111 | Sewer    | Reached skill level 6 in Axes
  4439 | D:4      | Reached XP level 6. HP: 50/50 MP: 6/6
  4881 | D:4      | Noticed Ijyb
  4891 | D:4      | Killed Ijyb
  4892 | D:4      | Reached skill level 7 in Axes
  5277 | D:5      | Entered Level 5 of the Dungeon
  5333 | D:5      | Noticed Edmund
  5342 | D:5      | Noticed Prince Ribbit
  5348 | D:5      | HP: 2/50 [Prince Ribbit (4)]
  5352 | D:4      | Demolished by Prince Ribbit

Illustrated notes

Levels and vault maps discovered:
D:1:      dpeg_arrival_caged_fury, layout_loops_ring, minmay_splitting_lines
D:2:      layout_basic, dreamdust_ecumenical_altar_hidden_monk_grotto,
          grunt_ministairs_8, corexii_corridor_pit, amcnicky_mini_pool_small
D:3:      layout_loops_ring, minmay_misc_feat_enclosed,
          minmay_misc_feat_four_crosses
D:4:      layout_loops_ring, portal_sewer_entry_b, uniq_ijyb
D:5:      layout_basic, serial_shops, shop, uniq_prince_ribbit1, uniq_edmund

Skill      XL: |  1  2  3  4  5  6 |
---------------+-------------------+-----
Axes           | 3 4 5 6 7 |  7.5
Fighting       | |  3.0
Armour         | |  2.4
Shields        | |  2.7

Action                   |  1- 3 |  4- 6 || total
-------------------------+-------+-------++-------
Melee: War axe           |    91 |   140 ||   231
       Tailslap          |    10 |    16 ||    26
 Abil: Rolling Charge    |       |    16 ||    16
  Use: Scroll            |       |     9 ||     9
       Potion            |       |     1 ||     1
Armor: Scale mail        |    41 |       ||    41
       Ring mail         |    14 |    48 ||    62
Dodge: Dodged            |    20 |    47 ||    67
Block: Buckler           |    14 |    15 ||    29
